 Dungeon Crawl Stone Soup version 0.28-a0-503-g83f2989fac (webtiles) character file.

Game seed: 3928371609077031019

21137 Conn the Arsonist (level 12, -1/87 (89) HPs)
             Began as an Octopode Fire Elementalist on Sept 20, 2021.
             Was a Follower of Sif Muna.
             Slain by an orc warrior (12 damage)
             ... led by an orc warlord
             ... while paralysed by an orc sorcerer
             ... on level 2 of the Orcish Mines.
             The game lasted 01:01:19 (16161 turns).

Conn the Arsonist (Octopode Fire Elementalist)     Turns: 16161, Time: 01:01:20

HP:   -1/87 (89)    AC:  7    Str:  8    XL:     12   Next: 86%
MP:   10/24         EV:  2    Int: 28    God:    Sif Muna [*.....]
Gold: 173           SH:  0    Dex: 12    Spells: 14/32 levels left

rFire   . . .      SeeInvis +   l - staff of conjuration
rCold   . . .      Faith    .   (no shield)
rNeg    . . .      Spirit   .   C - +2 hat {SInv}
rPois   +          Reflect  .   t - amulet of Vitality {Regen+ HP+15}
rElec   .          Harm     .   b - +4 ring of slaying
rCorr   .          Rampage  .   i - +4 ring of protection
Will    .....                   D - +6 ring of intelligence
Stlth   ++++......              G - ring of poison resistance
HPRegen 1.24/turn               (no ring)
MPRegen 0.19/turn               (no ring)
                                (no ring)
                                (no ring)

@: paralysed, brilliant, lightly drained
A: almost no armour, amphibious, 8 rings, camouflage 1, gelatinous body 1,
(nimble swimmer 1), tentacles, low mp 1, sense surroundings 1
a: Renounce Religion, Channel Magic


You were on level 2 of the Orcish Mines.
You worshipped Sif Muna.
Sif Muna was aware of your devotion.
You visited 4 branches of the dungeon, and saw 15 of its levels.
You visited 1 bazaar.
You also visited: Bailey.

You collected 1814 gold pieces.
You spent 1641 gold pieces at shops.

Inventory:

Hand Weapons
 c - a +0 dagger
 x - a +1 long sword of draining
Missiles
 w - 11 throwing nets
 H - 2 curare-tipped darts
Armour
 C - a +2 hat of see invisible (worn)
Magical Staves
 l - a staff of conjuration (weapon)
Jewellery
 b - a +4 ring of slaying (left tentacle)
 h - an amulet of the acrobat
 i - a +4 ring of protection (right tentacle)
 o - an amulet of regeneration
 t - the amulet of Vitality (around mantle) {Regen+ HP+15}
   (You found it on level 8 of the Dungeon)

   [amulet of regeneration]

   HP:        It affects your health (+15).
   Regen:     It increases your rate of health regeneration.
 D - a +6 ring of intelligence (on tentacle)
 G - a ring of poison resistance (on tentacle)
Wands
 n - a wand of mindburst (14)
 u - a wand of flame (35)
 y - a wand of iceblast (9)
Scrolls
 d - 2 scrolls of noise
 e - a scroll of fear
 k - a scroll of immolation
 p - 2 scrolls of enchant armour
 r - 3 scrolls of blinking
 v - 2 scrolls of amnesia
 E - a scroll of fog
Potions
 a - 2 potions of lignification
 g - 2 potions of brilliance
 m - a potion of magic
 s - a potion of resistance
 A - 2 potions of flight
 B - 2 potions of cancellation
 F - a potion of mutation


   Skills:
 + Level 3.7 Fighting
 + Level 2.8(3.2) Short Blades
 + Level 2.2(2.9) Long Blades
 + Level 2.4 Staves
 + Level 5.8 Dodging
 + Level 7.0 Stealth
 + Level 10.9 Spellcasting
 + Level 9.2 Conjurations
 - Level 3.1 Hexes
 + Level 11.3 Fire Magic
 + Level 2.0 Evocations


You had 14 spell levels left.
You knew the following spells:

 Your Spells              Type           Power      Damage    Failure   Level
a - Foxfire               Conj/Fire      100%       2x1d9     1%          1
b - Conjure Flame         Conj/Fire      100%       6-21      1%          3
c - Inner Flame           Hex/Fire       71%        N/A       1%          3
d - Flame Wave            Conj/Fire      100%       3d16      1%          4
e - Sticky Flame          Conj/Fire      100%       2d11      1%          4
f - Ignite Poison         Fire/Tmut/Pois 53%        N/A       2%          3

Your spell library contained the following spells:

 Spells                   Type           Power      Damage    Failure   Level
 Scorch                   Fire           100%       2d10      1%          2
 Animate Skeleton         Necr           46%        N/A       3%          1
 Freeze                   Ice            92%        1d10      3%          1
 Pain                     Necr           92%        1d8       3%          1
 Vampiric Draining        Necr           11%        2d7       11%         3
 Summon Mana Viper        Hex/Summ       36%        N/A       45%         5
 Summon Forest            Summ/Tloc      11%        N/A       71%         5
 Summon Cactus Giant      Summ           11%        N/A       99%         6


Dungeon Overview and Level Annotations

Branches:
Dungeon (11/15)            Temple (1/1) D:5            Lair (1/6) D:8
    Orc (2/2) D:9          Bailey (visited)
    Elf: Orc:2

Altars:
Ashenzari
Cheibriados
Dithmenos
Elyvilon
Fedhas
Gozag
Hepliaklqana
Kikubaaqudgha
Makhleb
Nemelex Xobeh
Okawaru
Qazlal
Ru
Sif Muna
Trog
Uskayaw
Vehumet
Wu Jian
Xom
Yredelemnul
Zin
The Shining One
Beogh

Shops:
D:3 ?   D:4 :   D:8 =

Portals:
Trove: D:11 (give 11 potions of heal wounds)

Annotations:
D:7 2 transporters


Innate Abilities, Weirdness & Mutations

You cannot wear most types of armour.
You are amphibious.
You can wear up to eight rings at the same time.
Your skin changes colour to match your surroundings (Stealth+).
Your rubbery body absorbs attacks. (AC +1, EV +1)
((You are camouflaged near water. (Stealth+)))
You have tentacles for arms and can constrict up to eight enemies at once.
Your magical capacity is low. (-10% MP)
You passively map a small area around you.


Message History

The orc wizard is heavily wounded.
The orc wizard casts a spell at you. The puff of flame misses you.
The orc sorcerer casts a spell.
You hear a shout!
Unknown command.
Casting: Inner Flame (safe; 1% risk of failure)
Confirm with . or Enter, or press ? or * to list all spells.
Okay, then.
Casting: Inner Flame (safe; 1% risk of failure)
Confirm with . or Enter, or press ? or * to list all spells.
Casting: Flame Wave (mildly dangerous; 1% risk of failure)
Press: ? - help, Dir - look around, f - activate You feel a strong surge of power!
A wave of flame ripples out! (Press . to intensify the flame waves.)
You hear a howl!
You hear a shout!
The orc sorcerer gestures at you while chanting.
The bolt of fire hits the orc wizard!!
The bolt of fire hits you!
The orc wizard explodes!
You hear a shout! x4
A wave of flame ripples out!
You hear a shout!
The orc sorcerer points at you and mumbles some strange words.
You suddenly lose the ability to move!
An orc comes into view. It is wielding a +0 mace.
The orc warrior throws a boomerang.
The boomerang hits you.
A warg comes into view.
The orc sorcerer casts a spell at you. The bolt of negative energy hits you!
You feel drained.
* * * LOW HITPOINT WARNING * * *
An orc wizard comes into view. It is wielding a +0 dagger.
The orc warrior throws a boomerang.
The boomerang hits you but does no damage.
The orc sorcerer points at you and mumbles some strange words.
You shrug off the repeated paralysis!
The orc shouts!
The orc warrior hits you from afar with a +0 trident!
* * * LOW HITPOINT WARNING * * *
The orc warrior hits you with a +0 scimitar!
You die...

†...o.....# *
..)).....## ...#
..).)...$# ###..#
.....)..##.##.....*
.......##........#
.............3....
........o..o§§§..#
...........oo§§..##
......... #o@.##
#oh...#o..# , ..o.o
##oo# ### .
...##...** ##)# #.#
. ....#.. #.# #.#
.. ......... #.#
#.# .. #....o..#
#.# #.# ...
.......# ####.###.#
#..##.......*
#...oo)o.#


You could see a smoke demon (summoned), a warg, 2 orc sorcerers, 4 orc warriors,
3 orc wizards and 2 orcs.

Vanquished Creatures
  Gastronok (Lair:1)
  An orc warlord (Orc:2)
  Harold (D:7)
  2 hydras
  4 two-headed ogres
  Nergalle (Lair:1)
  Urug (Lair:1)
  Sonja (D:11)
  A deep troll (D:8)
  An orc sorcerer (Orc:2)
  A black mamba (Lair:1)
  Maggie (D:6)
  An unseen horror (D:10)
  3 cane toads (Lair:1)
  2 komodo dragons
  2 rime drakes (Lair:1)
  3 trolls
  A polar bear (Lair:1)
  2 hornets
  A shadow (D:9)
  Eustachio (D:5)
  2 wyverns
  5 wargs (Orc:2)
  3 water moccasins
  An acid dragon (D:11)
  8 orc warriors
  4 sky beasts
  3 ice beasts
  3 necrophages
  3 ogres
  7 centaurs
  2 phantoms (D:5)
  A kobold brigand (D:8)
  8 gnoll sergeants (Bailey)
  A scorpion (D:5)
  5 bullfrogs
  5 wights (D:8)
  9 howler monkeys
  6 centaur zombies
  6 hounds
  6 gnoll shamans (Bailey)
  6 orc priests
  2 bullfrog skeletons
  5 iguanas
  10 orc wizards
  A killer bee zombie (D:7)
  A howler monkey zombie (D:9)
  21 gnolls
  5 adders
  A shadow imp (D:7)
  3 white imps
  2 worms
  2 dart slugs
  31 orcs
  5 bats
  9 endoplasms
  2 giant cockroaches (D:3)
  8 hobgoblins
  4 jackals (D:1)
  19 kobolds
  7 quokkas
  4 ball pythons
  2 frilled lizards
  7 goblins
  7 rats
284 creatures vanquished.

Vanquished Creatures (collateral kills)
  6 foxfires (Lair:1)
6 creatures vanquished.

Vanquished Creatures (others)
  An orc wizard (Orc:2)
  1019 foxfires
  7 plants
1027 creatures vanquished.

Grand Total: 1317 creatures vanquished

Notes
Turn   | Place    | Note
-------+----------+-------------------------------------------
     0 | D:1      | Conn the Octopode Fire Elementalist began the quest for the
                  | Orb.
     0 | D:1      | Reached XP level 1. HP: 11/11 MP: 3/3
   124 | D:1      | Reached XP level 2. HP: 17/17 MP: 0/5
   542 | D:1      | Reached XP level 3. HP: 21/21 MP: 3/6
  1332 | D:3      | Found a radiant altar of Vehumet.
  1424 | D:3      | Reached XP level 4. HP: 27/27 MP: 7/7
  1449 | D:3      | Reached skill level 1 in Short Blades
  1627 | D:3      | Found Ceguw's Magic Scroll Boutique.
  1633 | D:3      | Bought a scroll of fear for 38 gold pieces
  2122 | D:2      | Reached XP level 5. HP: 32/32 MP: 8/8
  2916 | D:3      | Learned a level 3 spell: Conjure Flame
  2920 | D:3      | Learned a level 3 spell: Inner Flame
  2941 | D:4      | Found Ogaw's Book Shoppe.
  3071 | D:4      | Found an opulent altar of Gozag.
  3077 | D:4      | Found a sparkling altar of Nemelex Xobeh.
  3105 | D:4      | Found an ornate altar of the Wu Jian Council.
  3139 | D:4      | Noticed a necrophage
  3150 | D:4      | Killed a necrophage
  3151 | D:4      | Reached skill level 5 in Stealth
  3151 | D:4      | Reached skill level 4 in Fire Magic
  3151 | D:4      | Reached XP level 6. HP: 29/37 MP: 6/10
  3225 | D:4      | Found a hazy altar of Hepliaklqana.
  3579 | D:4      | Reached skill level 1 in Fighting
  3639 | D:4      | Reached XP level 7. HP: 43/43 MP: 5/11
  4381 | D:5      | Entered Level 5 of the Dungeon
  4386 | D:5      | Noticed a two-headed ogre
  4741 | D:5      | Reached skill level 5 in Fire Magic
  4741 | D:5      | Reached XP level 8. HP: 21/48 MP: 13/13
  4923 | D:5      | Found a staircase to the Ecumenical Temple.
  4930 | Temple   | Entered the Ecumenical Temple
  5024 | D:5      | Noticed a two-headed ogre
  5398 | D:6      | Noticed Maggie
  5409 | D:6      | Killed Maggie
  5410 | D:6      | Reached skill level 1 in Hexes
  5543 | D:6      | Found a bloodstained altar of Trog.
  5632 | D:6      | Reached skill level 5 in Spellcasting
  5685 | D:6      | Reached skill level 6 in Fire Magic
  6146 | D:5      | Reached XP level 9. HP: 45/54 MP: 10/16
  6322 | D:4      | Learned a level 4 spell: Flame Wave
  6327 | D:4      | Learned a level 4 spell: Sticky Flame
  6331 | D:4      | Learned a level 3 spell: Ignite Poison
  7123 | D:5      | Reached skill level 5 in Conjurations
  7189 | D:5      | Noticed Eustachio
  7218 | D:5      | Killed Eustachio
  7461 | D:5      | Found a hide-covered altar of Uskayaw.
  7639 | D:5      | Killed a two-headed ogre
  7640 | D:5      | Reached skill level 7 in Fire Magic
  7640 | D:5      | Reached skill level 1 in Evocations
  7811 | D:5      | Killed a two-headed ogre
  7812 | D:5      | Reached XP level 10. HP: 52/61 MP: 3/20
  8215 | D:7      | HP: 1/61 [centaur/arrow (13)]
  8602 | D:7      | Found a transporter.
  8655 | D:7      | Found a flagged portal.
  8657 | D:7      | Noticed Harold
  8668 | Bailey   | Entered a bailey
  8996 | Bailey   | Reached skill level 8 in Fire Magic
  9891 | D:7      | Killed Harold
 10236 | D:7      | Found a transporter.
 10297 | D:7      | Found a burning altar of Makhleb.
 10297 | D:7      | Found a broken altar of Ashenzari.
 10390 | D:7      | Noticed a two-headed ogre
 10410 | D:7      | Killed a two-headed ogre
 10487 | D:7      | Found a glowing golden altar of the Shining One.
 10590 | D:8      | Found Ugiofet's Jewellery Shop.
 10611 | D:8      | Bought a +4 ring of protection for 504 gold pieces
 10727 | D:8      | Found an iron altar of Okawaru.
 10728 | D:8      | Reached skill level 9 in Fire Magic
 10728 | D:8      | Reached XP level 11. HP: 58/65 MP: 8/23
 10985 | D:8      | Noticed a deep troll
 11006 | D:8      | Killed a deep troll
 11007 | D:8      | Reached skill level 5 in Dodging
 11120 | D:8      | Noticed a two-headed ogre
 11194 | D:8      | Killed a two-headed ogre
 11195 | D:8      | Reached skill level 1 in Long Blades
 11372 | D:8      | Found a staircase to the Lair.
 11765 | D:8      | Found the amulet of Vitality {Regen+ HP+15}
 11936 | Lair:1   | Entered Level 1 of the Lair of Beasts
 12029 | Lair:1   | Noticed Gastronok
 12121 | Lair:1   | Killed Gastronok
 12122 | Lair:1   | Reached skill level 10 in Fire Magic
 12461 | Lair:1   | Noticed Urug
 12473 | Lair:1   | Killed Urug
 12662 | Lair:1   | Reached XP level 12. HP: 61/72 MP: 18/25
 12927 | Lair:1   | Noticed a five-headed hydra
 12933 | Lair:1   | Killed a five-headed hydra
 12934 | Lair:1   | Reached skill level 10 in Spellcasting
 13084 | Lair:1   | Noticed Nergalle
 13094 | Lair:1   | Killed Nergalle
 13689 | D:9      | Found a staircase to the Orcish Mines.
 14304 | D:10     | Entered Level 10 of the Dungeon
 14313 | D:10     | Found a shimmering blue altar of Sif Muna.
 14317 | D:10     | Became a worshipper of Sif Muna the Loreminder
 14342 | D:10     | Got Sif Muna's Guide on Ice
 14472 | D:10     | Reached skill level 1 in Staves
 15208 | D:11     | Noticed Sonja
 15414 | D:11     | Noticed a seven-headed hydra
 15420 | D:11     | Killed a seven-headed hydra
 15428 | D:11     | Killed Sonja
 15429 | D:11     | Reached skill level 11 in Fire Magic
 15535 | D:11     | Found a portal to a secret trove of treasure.
 15549 | D:11     | Identified a scroll of acquirement
 15549 | D:11     | Acquired 717 gold pieces
 15615 | D:8      | Bought a +6 ring of intelligence for 819 gold pieces
 15619 | D:8      | Bought a ring of poison resistance for 280 gold pieces
 15650 | Orc:1    | Entered Level 1 of the Orcish Mines
 15782 | Orc:2    | Entered Level 2 of the Orcish Mines
 15782 | Orc:2    | Found a flickering gateway to a bazaar.
 15789 | Bazaar   | Entered a bazaar
 15796 | Bazaar   | Found Osuiz's Antique Armour Shop.
 15810 | Bazaar   | Found Vemumm's Magic Scroll Boutique.
 15824 | Bazaar   | Found Acsoaxit's Magic Scroll Shop.
 15852 | Bazaar   | Found Taigi's Magic Scroll Shop.
 15866 | Bazaar   | Found Fuyhij's Antique Weapon Boutique.
 15986 | Orc:2    | Reached * piety under Sif Muna
 15988 | Orc:2    | Noticed an orc warlord
 16126 | Orc:2    | Gained mutation: Your magical capacity is low. (-10% MP)
                  | [potion of mutation]
 16126 | Orc:2    | Gained mutation: You passively map a small area around you.
                  | [potion of mutation]
 16134 | Orc:2    | HP: 4/83 [orc warlord/bolt (2)]
 16137 | Orc:2    | Killed an orc warlord
 16158 | Orc:2    | Paralysed by an orc sorcerer for 6 turns
 16161 | Orc:2    | Slain by an orc warrior

Illustrated notes

Levels and vault maps discovered:
D:1:      psy_arrival_dodecagon, layout_loops_ring
D:2:      layout_basic
D:3:      layout_basic, nicolae_overflow_crystal_walls, serial_shops, shop
D:4:      layout_cave_pools, nicolae_gozag_cash_rules_everything_around_me,
          nemelex_spade_bored_becter, mainiacjoe_overflow_large_starburst,
          serial_shops, nicolae_shop_statue_plus, st_stairs_1
D:5:      minmay_bubble_buster, layout_basic, mainiacjoe_overflow_24_doors,
          uniq_eustachio
D:6:      layout_gridville, trog_hazing_becter, grunt_ministairs_9,
          corexii_item_surrounded_by_moat, uniq_maggie
D:7:      gammafunk_cloud_chamber, layout_rooms, nicolae_tso_swordbearing_angel,
          gammafunk_temple_overflow_elements, enter_bailey_6, uniq_harold
D:8:      layout_rooms, okawaru_metal_pillars_1_2, david_lair_shrubbed,
          serial_shops, nicolae_stop_n_shop_2, serial_glass, glass_columns_b,
          glass_columns_b, minmay_misc_feat_doors,
          hangedman_abyss_or_decor_passed,
          hellmonk_guarded_unrand_vitality_bloodlust
D:9:      layout_basic, minmay_orc_entry_temple_large
D:10:     layout_irregular_city, led_sif_book
D:11:     layout_cross, nicolae_trove_entry_columns, uniq_sonja
Temple:   zaba_magenta_temple
Lair:1:   layout_layer_cave, uniq_gastronok, uniq_nergalle, uniq_urug
Orc:1:    layout_diamond_mine, serial_shops, shop, minmay_shop_mayhem,
          uniq_erolcha
Orc:2:    st_orc_town, layout_diamond_mine, serial_shops, bzr_entry_islet,
          gammafunk_ghost_necromancy, uniq_jorgrun, uniq_donald

Skill      XL: |  1  2  3  4  5  6  7  8  9 10 11 12 |
---------------+-------------------------------------+-----
Stealth        | 3 4 5 6 7 |  7.0
Short Blades   | 1 2 |  2.8
Conjurations   | 2 3 4 5 7 8 9 |  9.2
Fire Magic     | 4 5 6 7 9 10 11 | 11.3
Fighting       | 1 2 3 |  3.7
Spellcasting   | 3 5 7 8 9 10 | 10.9
Dodging        | 3 4 5 |  5.8
Hexes          | 1 2 3 |  3.1
Evocations     | 1 2 |  2.0
Long Blades    | 2 |  2.2
Staves         | 2 |  2.4

Action                   |  1- 3 |  4- 6 |  7- 9 | 10-12 || total
-------------------------+-------+-------+-------+-------++-------
Melee: Dagger            |    31 |    66 |    62 |     7 ||   166
       Constrict         |     5 |    12 |    10 |    23 ||    50
       Tentacles         |     5 |     8 |    12 |    25 ||    50
       Long sword        |       |       |       |    27 ||    27
       Staff             |       |       |       |    56 ||    56
 Cast: Foxfire           |    24 |    50 |   168 |   359 ||   601
       Inner Flame       |       |       |     8 |    74 ||    82
       Conjure Flame     |       |       |     3 |     4 ||     7
       Sticky Flame      |       |       |     3 |    16 ||    19
       Flame Wave        |       |       |     2 |     8 ||    10
Evoke: Wand              |       |     3 |     1 |    14 ||    18
  Use: Potion            |       |       |     4 |     8 ||    12
       Scroll            |       |       |     2 |    19 ||    21
 Stab: Sleeping          |     5 |     8 |     1 |     4 ||    18
       Distracted        |       |     1 |       |       ||     1
Armor: Skin              |       |     4 |     8 |    37 ||    49
Dodge: Dodged            |    13 |    34 |    82 |   173 ||   302

Table legend: (Time is in decaauts)
 A = Elapsed time spent in this place.
 B = Non-inter-level travel time spent in this place.
 C = Inter-level travel time spent in this place.
 D = Time resting spent in this place.
 E = Time spent auto-exploring this place.
 F = Levels seen in this place.
 G = Mean time per level.
                   A        B        C        D        E       F      G
               +--------+--------+--------+--------+--------+-----+--------+
         Total |  16173 |  15902 |    271 |   2576 |   9060 |  17 |  951.4 |
       Dungeon |  13067 |  12812 |    255 |   1797 |   7789 |  11 | 1187.9 |
        Temple |     76 |     61 |     15 |      0 |     45 |   1 |   76.0 |
          Lair |   1306 |   1306 |      0 |     95 |    925 |   1 | 1306.0 |
  Orcish Mines |    369 |    369 |      0 |     65 |    115 |   2 |  184.5 |
        Bazaar |    141 |    141 |      0 |      0 |      0 |   1 |  141.0 |
        Bailey |   1211 |   1211 |      0 |    619 |    186 |   1 | 1211.0 |
               +--------+--------+--------+--------+--------+-----+--------+

Top non-repeatable levels by time:
     D:5: 2272 daAuts
     D:4: 1677 daAuts
     D:6: 1533 daAuts
     D:8: 1411 daAuts
  Lair:1: 1306 daAuts
  Bailey: 1211 daAuts
     D:3: 1132 daAuts
     D:9: 1065 daAuts
    D:10: 1001 daAuts
     D:1: 927 daAuts
     D:2: 877 daAuts
     D:7: 871 daAuts
    D:11: 294 daAuts
   Orc:2: 237 daAuts
  Bazaar: 141 daAuts
